[Event "Titled Tuesday Blitz December 20 Early 2022"]
[White "RianKapriaga"]
[Black "stolencandy13"]
[WhiteElo "2327"]
[BlackElo "2599"]
[Result "1-0"]
[Round "01"]
[TimeControl "180+2"]
[Date "2022.12.20"]
[WhiteClock "0:00:13"]
[BlackClock "0:00:07"]

1. d4 Nf6 2. Nf3 d5 3. Bf4 Bf5 4. e3 c6 5. Bd3 Bxd3 6. cxd3 e6 7. Nc3 Nbd7 8. O-O Be7 9. Rc1 Nh5 10. Be5 Nxe5 11. Nxe5 Nf6 12. f4 Qb6 13. Rf2 O-O 14. h3 Rfd8 15. Qe2 Rac8 16. f5 c5 17. fxe6 Qxe6 18. Rcf1 Rf8 19. Qf3 cxd4 20. exd4 Bb4 21. Ne2 Bd2 22. Ng3 Ba5 23. Nf5 Bb6 24. a4 Bxd4 25. Nxd4 Qxe5 26. Nf5 Rc6 27. Re2 Qc7 28. Ne7+ Kh8 29. Nxc6 bxc6 30. Kh1 h6 31. b3 Qb6 32. Qg3 Qd4 33. Ref2 Re8 34. Rf4 Qe5 35. Qh4 Qe3 36. Rxf6 gxf6 37. Qxf6+ Kh7 38. Qxf7+ Kh8 39. Qf6+ Kh7 40. Qxc6 Re7 41. Qxd5 Qe2 42. Qf5+ Kg7 43. b4 Qe6 44. Qf8+ Kg6 45. b5 Qe5 46. Qg8+ Kh5 47. Qg4# 1-0


[Site "https://www.chess.com"]

[Event "Titled Tuesday Blitz December 20 Early 2022"]
[White "Rud_Makarian"]
[Black "TokChess"]
[WhiteElo "2889"]
[BlackElo "2504"]
[Result "1-0"]
[Round "01"]
[TimeControl "180+2"]
[Date "2022.12.20"]
[WhiteClock "0:00:49"]
[BlackClock "0:00:10"]

1. d3 d5 2. f4 c5 3. Nf3 Nc6 4. g3 g6 5. Bg2 Bg7 6. O-O Nf6 7. Nc3 O-O 8. e4 b6 9. Nxd5 Nxd5 10. exd5 Qxd5 11. Qe2 Bb7 12. c3 Qd6 13. Ne5 Rad8 14. Rd1 Qc7 15. Nxc6 Bxc6 16. Be3 Qb7 17. Bxc6 Qxc6 18. Qg2 Qb5 19. Qc2 Rd6 20. a4 Qd7 21. Rd2 Rd8 22. Rad1 h5 23. Qb3 h4 24. Qc4 Qg4 25. Kg2 h3+ 26. Kf2 Qf5 27. Kf3 e5 28. Qe4 Qe6 29. fxe5 Bxe5 30. Bf4 Rd5 31. d4 cxd4 32. cxd4 Bxd4 33. Rxd4 Qxe4+ 34. Kxe4 f5+ 35. Ke3 Re8+ 36. Kf3 1-0


[Site "https://www.chess.com"]

[Event "Titled Tuesday Blitz December 20 Early 2022"]
[White "SHIVACalypso"]
[Black "vovachesss"]
[WhiteElo "2418"]
[BlackElo "2756"]
[Result "0-1"]
[Round "01"]
[TimeControl "180+2"]
[Date "2022.12.20"]
[WhiteClock "0:00:23"]
[BlackClock "0:00:24"]

1. Nf3 d6 2. c4 e5 3. Nc3 f5 4. d4 e4 5. Nd2 Nf6 6. e3 c6 7. b4 d5 8. b5 Be7 9. Qb3 O-O 10. f3 Kh8 11. bxc6 bxc6 12. Be2 Be6 13. Qb7 Nbd7 14. Qxc6 Bg8 15. Nxd5 Nxd5 16. cxd5 Rc8 17. Qb5 Nb6 18. O-O Nxd5 19. Nb3 Nc3 20. Qa6 Rf6 21. Bb2 Rxa6 22. Bxa6 Rc6 23. Bb7 Ne2+ 24. Kf2 Rc2 25. fxe4 Rxb2 26. exf5 Bd6 27. Bf3 Qh4+ 0-1


[Site "https://www.chess.com"]

[Event "Titled Tuesday Blitz December 20 Early 2022"]
[White "SaiHanThiha"]
[Black "Castro Andrade, Seirbert Cristian"]
[BlackFideId "3863336"]
[WhiteElo "2429"]
[BlackElo "1364"]
[Result "0-1"]
[Round "01"]
[TimeControl "180+2"]
[Date "2022.12.20"]
[WhiteClock "0:00:04"]
[BlackClock "0:01:17"]

1. d4 Nf6 2. c4 g6 3. Nc3 d5 4. Nf3 Bg7 5. Qb3 c6 6. cxd5 Nxd5 7. e4 Nxc3 8. bxc3 O-O 9. Be3 c5 10. d5 e6 11. Bxc5 exd5 12. Bxf8 Qxf8 13. e5 Nc6 14. Be2 Nxe5 15. Nxe5 Bxe5 16. O-O Qc5 17. Rac1 b6 18. Bf3 Be6 19. Rfd1 Rd8 20. Qb4 Qc7 21. g3 Kg7 22. Qb5 Qc5 23. Qxc5 bxc5 24. Rd3 Rd7 25. Kg2 h5 26. h4 d4 27. cxd4 Bxd4 28. Be2 Rd6 29. Ra3 Bb2 30. Rcc3 Bxa3 31. Rxa3 Rd2 32. Bd3 Bd5+ 33. Kf1 Bf3 34. Bc2 Be2+ 35. Ke1 Rxc2 0-1


[Site "https://www.chess.com"]

[Event "Titled Tuesday Blitz December 20 Early 2022"]
[White "Salomez, Maxime"]
[Black "Myall, Ivan J"]
[WhiteFideId "652079600"]
[BlackFideId "425168"]
[WhiteElo "1359"]
[BlackElo "1924"]
[Result "1-0"]
[Round "01"]
[TimeControl "180+2"]
[Date "2022.12.20"]
[WhiteClock "0:00:04"]
[BlackClock "0:00:11"]

1. e4 c6 2. d4 d5 3. exd5 cxd5 4. Bd3 Nf6 5. h3 Nc6 6. c3 e5 7. dxe5 Nxe5 8. Nf3 Nxd3+ 9. Qxd3 Be7 10. O-O O-O 11. Be3 h6 12. Nbd2 b6 13. Nb3 Bb7 14. Nbd4 Ne4 15. Rad1 Bf6 16. Rfe1 Re8 17. Nc2 Nc5 18. Qd2 a5 19. Bd4 Ne4 20. Qf4 Be7 21. Qg4 Bf8 22. Ne3 Bc8 23. Qf4 Bd6 24. Be5 g5 25. Qh2 Bxe5 26. Nxe5 Bb7 27. N3g4 h5 28. Nh6+ Kg7 29. Nf5+ Kf6 30. Rxe4 dxe4 31. Rxd8 Raxd8 32. Nd4 Rxe5 33. h4 Rde8 34. hxg5+ Rxg5 35. Qf4+ Kg6 36. Qd6+ Kg7 37. Qd7 e3 38. Qxe8 Rxg2+ 39. Kf1 Rxf2+ 40. Ke1 Rxb2 41. Qe5+ Kg6 42. Qf5+ Kg7 43. Qg5+ Kf8 44. Qd8+ Kg7 45. Qg5+ Kf8 46. Qxe3 h4 47. Qh6+ Ke8 48. Qxh4 Rxa2 49. Qh8+ Kd7 50. Qb8 Bd5 51. Qxb6 Ra1+ 52. Kd2 Ra2+ 53. Ke3 a4 54. Qa7+ Kd6 55. Qa6+ Kd7 56. Qa5 Be6 57. Nxe6 fxe6 58. Qb5+ Ke7 59. Qa5 a3 60. Kd4 Ra1 61. Kc4 Kf6 62. Kc5 e5 63. c4 Kf5 64. Kc6 Kf4 65. c5 e4 66. Kc7 e3 67. c6 e2 68. Qd2+ Kf3 69. Qd3+ Kf2 70. Qd4+ Kf1 71. Qf4+ Kg2 72. Qg4+ Kf2 73. Qf5+ Ke3 74. Qe5+ Kd2 75. Qd4+ Ke1 76. Qxa1+ Kf2 77. Qf6+ Kg2 78. Qg5+ Kf2 79. Qf4+ Ke1 80. Qg3+ Kd2 81. Qf4+ Kd3 82. Qf5+ Kd2 83. Qd5+ Kc2 84. Qc4+ Kd2 85. Qd4+ Ke1 86. Kc8 a2 87. Qa1+ Kf2 88. Qxa2 Kf1 89. Qxe2+ Kg1 90. c7 Kh1 91. Kb7 Kg1 92. c8=Q Kh1 93. Qh8+ Kg1 94. Qhh2# 1-0


[Site "https://www.chess.com"]

[Event "Titled Tuesday Blitz December 20 Early 2022"]
[White "Sargsyan, Sargis Vach."]
[Black "rasmussvane"]
[WhiteFideId "13310810"]
[WhiteElo "2314"]
[BlackElo "2949"]
[Result "0-1"]
[Round "01"]
[TimeControl "180+2"]
[Date "2022.12.20"]
[WhiteClock "0:00:06"]
[BlackClock "0:00:22"]

1. d4 d5 2. c4 e6 3. Nf3 Nf6 4. g3 Bb4+ 5. Bd2 Bd6 6. Bg2 c6 7. Qc2 Nbd7 8. O-O O-O 9. Bg5 h6 10. Bxf6 Nxf6 11. Nbd2 b6 12. e4 Be7 13. Rfd1 Bb7 14. e5 Nd7 15. cxd5 cxd5 16. Rac1 Rc8 17. Qa4 a6 18. h4 b5 19. Rxc8 Qxc8 20. Qb3 Nb6 21. Qd3 Nc4 22. Rc1 Qd7 23. b3 Na3 24. Nb1 Rc8 25. Rxc8+ Qxc8 26. Nxa3 Bxa3 27. Qd2 b4 28. Bf1 a5 29. Kg2 Qc6 30. Bd3 a4 31. g4 axb3 32. axb3 Qc1 33. Qxc1 Bxc1 34. Kf1 f6 35. Ke2 Kf7 36. h5 Ke7 37. Bb5 Bf4 38. Nh4 fxe5 39. Ng6+ Kf6 40. Nxf4 exf4 41. f3 e5 42. Kd3 e4+ 43. Ke2 Kg5 44. Bd7 Ba6+ 45. Ke1 Kh4 46. Be6 Kg3 47. Bxd5 exf3 48. Bc4 Bxc4 49. bxc4 f2+ 50. Kf1 b3 0-1


[Site "https://www.chess.com"]

[Event "Titled Tuesday Blitz December 20 Early 2022"]
[White "Schattmann, Alfred"]
[Black "Aradhya, Garg"]
[WhiteFideId "4662377"]
[BlackFideId "25006746"]
[WhiteElo "1746"]
[BlackElo "2284"]
[Result "0-1"]
[Round "01"]
[TimeControl "180+2"]
[Date "2022.12.20"]
[WhiteClock "0:00:03"]
[BlackClock "0:00:25"]

1. c4 e5 2. Nc3 Nf6 3. Nf3 e4 4. Ng5 c6 5. Ngxe4 Nxe4 6. Nxe4 d5 7. cxd5 cxd5 8. Ng3 h5 9. e3 d4 10. Ne2 Nc6 11. Qa4 Bc5 12. b4 Bb6 13. b5 Ne5 14. Nxd4 O-O 15. Bb2 h4 16. h3 Re8 17. Be2 Qg5 18. f4 Qxg2 19. O-O-O Bxd4 20. Qxd4 Bf5 21. fxe5 Rac8+ 22. Bc3 Qxe2 23. e6 f6 24. Rhg1 Rxe6 25. a4 Qc4 26. Qxc4 Rxc4 27. Kb2 Bxh3 28. Kb3 Rg4 29. Rh1 Bg2 30. Rhg1 h3 31. Rxg2 hxg2 32. Rg1 a6 33. bxa6 Rb6+ 34. Kc2 Rxa6 35. a5 Kf7 36. Kd3 b6 37. axb6 Rxb6 38. Ke2 Rb5 39. Kf3 Rbg5 40. d4 Ke6 41. Be1 Kd5 42. Bf2 f5 43. Be1 Rg6 44. Bf2 Kd6 45. Be1 Ke6 46. Bf2 Kd5 47. Be1 Kc4 48. Bf2 Kd3 49. d5 Rd6 50. Rd1+ Kc2 51. Ra1 Rxd5 52. Ra2+ Kb1 53. Ra7 g1=N+ 54. Bxg1 Rxg1 55. Rb7+ Kc2 56. Rc7+ Kd3 57. Rf7 Re1 58. Kf2 Re2+ 59. Kf1 g5 60. Rb7 Rxe3 61. Ra7 f4 62. Ra4 Rf3+ 63. Kg2 Rg3+ 64. Kf2 Rc5 65. Rb4 Rc2+ 66. Kf1 Rf3+ 67. Kg1 Re3 68. Rb3+ Kc4 69. Rxe3 fxe3 70. Kf1 Kd3 71. Ke1 Rc1# 0-1


[Site "https://www.chess.com"]

[Event "Titled Tuesday Blitz December 20 Early 2022"]
[White "Sergey85Rodchenkov"]
[Black "Fera, Aryanti"]
[BlackFideId "7118988"]
[WhiteElo "2458"]
[BlackElo "1770"]
[Result "0-1"]
[Round "01"]
[TimeControl "180+2"]
[Date "2022.12.20"]
[WhiteClock "0:00:17"]
[BlackClock "0:00:44"]

1. e4 e5 2. Nf3 Nc6 3. Bc4 Nf6 4. d3 Bc5 5. O-O d6 6. c3 a6 7. Bb3 Ba7 8. Nbd2 O-O 9. h3 Be6 10. Bc2 d5 11. exd5 Nxd5 12. Re1 Nf4 13. Ne4 Ng6 14. b4 h6 15. a4 f5 16. Nc5 Bxc5 17. bxc5 Bd5 18. Rb1 Rb8 19. d4 e4 20. Nd2 Na5 21. Rb4 Bf7 22. Nf1 Ne7 23. Ne3 Qd7 24. g4 Nd5 25. Nxf5 Nxb4 26. cxb4 Nc6 27. Rxe4 Bd5 28. Re1 Rbe8 29. Bd2 Be6 30. Bc3 Bxf5 31. Bxf5 Qd5 32. b5 axb5 33. axb5 Nxd4 34. Rxe8 Nf3+ 35. Qxf3 Qxf3 0-1


[Site "https://www.chess.com"]

[Event "Titled Tuesday Blitz December 20 Early 2022"]
[White "Sferra, Bob"]
[Black "Kotofeyca"]
[WhiteFideId "2007266"]
[WhiteElo "2263"]
[BlackElo "2372"]
[Result "1-0"]
[Round "01"]
[TimeControl "180+2"]
[Date "2022.12.20"]
[WhiteClock "0:02:05"]
[BlackClock "0:02:12"]

1. d4 d5 2. c4 c6 3. Nf3 Nf6 4. Qc2 Bg4 5. Ne5 Bh5 6. Nc3 e6 7. Bf4 Nbd7 8. e3 Nxe5 9. Bxe5 Bd6 10. Bxd6 Qxd6 11. Bd3 Bg6 12. cxd5 exd5 13. h3 Bxd3 14. Qxd3 O-O 15. O-O Rfe8 16. Rab1 a5 17. Rfc1 Ne4 18. a3 f5 19. b4 axb4 20. axb4 Ra3 21. Nxe4 1-0


[Site "https://www.chess.com"]

[Event "Titled Tuesday Blitz December 20 Early 2022"]
[White "Shankland, Sam"]
[Black "Klose, Eli"]
[WhiteFideId "2004887"]
[BlackFideId "16242955"]
[WhiteElo "2711"]
[BlackElo "1519"]
[Result "1-0"]
[Round "01"]
[TimeControl "180+2"]
[Date "2022.12.20"]
[WhiteClock "0:01:05"]
[BlackClock "0:01:05"]

1. d4 Nf6 2. c4 c5 3. d5 b5 4. cxb5 a6 5. bxa6 Bxa6 6. Nc3 g6 7. e4 Bxf1 8. Kxf1 d6 9. g3 Bg7 10. Kg2 O-O 11. Nf3 Nfd7 12. Bd2 Qb6 13. b3 Na6 14. Rb1 Nc7 15. a4 Na6 16. Qe2 Rfc8 17. Nb5 Nc7 18. Na3 Rcb8 19. Rhc1 Qa6 20. Qxa6 Rxa6 21. a5 Nb5 22. Nc4 Nd4 23. Nxd4 Bxd4 24. b4 cxb4 25. Rxb4 Rxb4 26. Bxb4 f5 27. f3 Nf6 28. Re1 Ra7 29. Rd1 Bc5 30. Bxc5 dxc5 31. e5 Nd7 32. Rb1 Kf8 33. f4 h6 34. h4 Ke8 35. e6 Kd8 36. exd7 Kxd7 37. Kf3 Rb7 38. Rxb7+ 1-0


[Site "https://www.chess.com"]

[Event "Titled Tuesday Blitz December 20 Early 2022"]
[White "ShiroglanTalibov"]
[Black "Sapon, Ilia"]
[BlackFideId "13504746"]
[WhiteElo "2726"]
[BlackElo "2074"]
[Result "0-1"]
[Round "01"]
[TimeControl "180+2"]
[Date "2022.12.20"]
[WhiteClock "0:00:01"]
[BlackClock "0:00:08"]

1. Nf3 Nf6 2. d4 e6 3. Bf4 d6 4. c4 g6 5. Nc3 Bg7 6. e3 O-O 7. Be2 b6 8. O-O Bb7 9. b4 Nbd7 10. h3 Qe7 11. Bg3 a5 12. a3 h6 13. Qb3 g5 14. Nd2 e5 15. Rfe1 Rfe8 16. Bf3 Bxf3 17. Nxf3 e4 18. Nd2 Nf8 19. Rac1 Ng6 20. Nb5 Qd7 21. a4 axb4 22. Qxb4 h5 23. c5 h4 24. Bh2 g4 25. Kh1 gxh3 26. gxh3 Qxh3 27. Rg1 bxc5 28. dxc5 Ng4 29. Rxg4 Qxg4 30. Nxc7 Rab8 31. Qc4 Be5 32. Qxe4 Qh3 33. Qg2 Qxg2+ 34. Kxg2 Rec8 35. cxd6 Bxh2 36. Kxh2 Nf8 37. Ne4 Rb4 38. Rg1+ Kh8 39. Nf6 Ng6 40. a5 Rd8 41. d7 Rb2 42. Kg2 Ra2 43. a6 Kg7 44. Nce8+ Kf8 45. Rc1 Rxa6 46. Rc8 Ke7 47. Rc7 Raa8 48. Ng8+ Kf8 49. Ngf6 Ke7 50. Ng8+ Ke6 51. Ngf6 Ne5 52. Rc5 Nxd7 53. Rc7 Nxf6 54. Ng7+ Kd6 55. Rxf7 Nd5 56. Nf5+ Kc5 57. e4 Nf4+ 58. Kf3 Nd3 59. Rc7+ Kb4 60. Rb7+ Kc3 61. Ke3 Nc5 62. Rb5 Nb3 63. e5 Rab8 64. Rxb8 Rxb8 65. Ke4 Nc5+ 66. Kd5 Nd3 67. e6 Nf4+ 68. Ke5 Nxe6 69. Kxe6 h3 70. Ng3 Rg8 71. Nf1 Rg1 72. Nh2 Rg2 0-1


[Site "https://www.chess.com"]

[Event "Titled Tuesday Blitz December 20 Early 2022"]
[White "Shironin, Daniil Aleks"]
[Black "AttilaTurzo"]
[WhiteFideId "55812198"]
[WhiteElo "2115"]
[BlackElo "2578"]
[Result "0-1"]
[Round "01"]
[TimeControl "180+2"]
[Date "2022.12.20"]
[WhiteClock "0:00:03"]
[BlackClock "0:00:13"]

1. d4 Nf6 2. Nc3 d5 3. Bf4 a6 4. e3 Bf5 5. f3 e6 6. g4 Bg6 7. h4 h6 8. Bd3 Bxd3 9. Qxd3 c5 10. O-O-O Nc6 11. Nh3 b5 12. dxc5 Bxc5 13. e4 d4 14. Ne2 Qb6 15. g5 hxg5 16. Bxg5 O-O-O 17. f4 Nb4 18. Qf3 Nxa2+ 19. Kb1 Nb4 20. e5 Nfd5 21. Bxd8 Rxd8 22. Ng5 d3 23. cxd3 Qa5 24. Nc1 Rd7 25. d4 Be7 26. Qb3 Kb7 27. Nd3 Nxd3 28. Rxd3 Nxf4 29. Rc3 Nd5 30. Rc2 Bb4 31. Rhc1 Qb6 32. Ne4 Qxd4 33. Nd6+ Bxd6 34. exd6 Rxd6 35. Rc8 Rd7 36. Qc2 Qb6 37. Rc6 Qd8 38. Rc8 Qb6 39. Rc6 Qd4 40. Rc8 Nb4 0-1


[Site "https://www.chess.com"]

[Event "Titled Tuesday Blitz December 20 Early 2022"]
[White "Skoularikis, Fotios"]
[Black "gisela_roque"]
[WhiteFideId "4200500"]
[WhiteElo "2223"]
[BlackElo "2096"]
[Result "1-0"]
[Round "01"]
[TimeControl "180+2"]
[Date "2022.12.20"]
[WhiteClock "0:01:12"]
[BlackClock "0:00:27"]

1. e4 c5 2. Nf3 Nc6 3. Nc3 g6 4. d4 cxd4 5. Nxd4 Bg7 6. Be3 e6 7. Qd2 Nge7 8. O-O-O O-O 9. Ndb5 Qa5 10. Nd6 Nb4 11. a3 Bxc3 12. Qe2 Bg7 13. axb4 Qa1+ 14. Kd2 Qxb2 15. Qc4 Nc6 16. Qb3 Qe5 17. Ke1 b6 18. f4 Qh5 19. Be2 Qh4+ 20. g3 Qe7 21. Kf2 e5 22. c3 exf4 23. gxf4 Qh4+ 24. Kg2 Kh8 25. Nxf7+ Rxf7 26. Qxf7 Bb7 27. Rxd7 Bxc3 28. Rxb7 Nxb4 29. e5 Rg8 30. Rc1 Bb2 31. Rcc7 1-0


[Site "https://www.chess.com"]

[Event "Titled Tuesday Blitz December 20 Early 2022"]
[White "Sokolov, Ivan"]
[Black "Aranos Garcia, Ricardo"]
[WhiteFideId "14400030"]
[BlackFideId "32028040"]
[WhiteElo "2590"]
[BlackElo "1971"]
[Result "1-0"]
[Round "01"]
[TimeControl "180+2"]
[Date "2022.12.20"]
[WhiteClock "0:01:23"]
[BlackClock "0:00:53"]

1. b3 e5 2. Bb2 Nc6 3. e3 a6 4. Nf3 e4 5. Nd4 Nxd4 6. Bxd4 c5 7. Bb2 d5 8. c4 d4 9. g3 Nf6 10. Bg2 Bg4 11. f3 exf3 12. Bxf3 Bf5 13. O-O Qd7 14. Bxb7 Qxb7 15. Rxf5 dxe3 16. Bxf6 gxf6 17. Nc3 Rd8 18. Nd5 Rxd5 19. Rxd5 Qe7 20. Qg4 Qe6 21. Qf4 1-0


[Site "https://www.chess.com"]

[Event "Titled Tuesday Blitz December 20 Early 2022"]
[White "Steegersee"]
[Black "Yildiz, Ayse Emek"]
[BlackFideId "6303528"]
[WhiteElo "2425"]
[BlackElo "1702"]
[Result "0-1"]
[Round "01"]
[TimeControl "180+2"]
[Date "2022.12.20"]
[WhiteClock "0:00:17"]
[BlackClock "0:00:21"]

1. Nf3 d5 2. e3 Nf6 3. c4 e6 4. b3 Be7 5. Bb2 O-O 6. Be2 c5 7. O-O Nc6 8. d4 dxc4 9. bxc4 cxd4 10. exd4 b6 11. Nbd2 Bb7 12. Rc1 Rc8 13. h3 Na5 14. Bd3 Bd6 15. Qe2 Bf4 16. Rfd1 Re8 17. Bc3 Nc6 18. Rc2 Ne7 19. Ne4 Nxe4 20. Bxe4 Bxe4 21. Qxe4 Bb8 22. Bb2 Qd7 23. Ng5 Ng6 24. h4 Qc6 25. Qg4 h6 26. Nf3 Qa4 27. Rdc1 Rcd8 28. h5 Nf4 29. d5 e5 30. Kh1 Qd7 31. Qxd7 Rxd7 32. Re1 e4 33. Re3 Nxh5 34. Ne5 Bxe5 0-1


[Site "https://www.chess.com"]

[Event "Titled Tuesday Blitz December 20 Early 2022"]
[White "Susal_De_Silva"]
[Black "Kazgildy, Fariza"]
[BlackFideId "13724860"]
[WhiteElo "2808"]
[BlackElo "1189"]
[Result "0-1"]
[Round "01"]
[TimeControl "180+2"]
[Date "2022.12.20"]
[WhiteClock "0:00:40"]
[BlackClock "0:00:49"]

1. Nf3 d5 2. e3 Nf6 3. c4 e6 4. b3 Be7 5. Bb2 O-O 6. Be2 b6 7. Nc3 Bb7 8. O-O dxc4 9. Bxc4 Nbd7 10. d4 c5 11. Rc1 Rc8 12. d5 exd5 13. Nxd5 Nxd5 14. Bxd5 Bxd5 15. Qxd5 Nf6 16. Qg5 h6 17. Qg3 Qc7 18. Be5 Qc6 19. Rfd1 Rfd8 20. h3 Qe4 21. Rxd8+ Rxd8 22. Rc4 Rd1+ 23. Kh2 Qb1 24. Qh4 Rh1+ 25. Kg3 Qg6+ 26. Rg4 Nh5+ 27. Qxh5 Qxh5 28. Rxg7+ Kf8 29. Rg4 f5 30. Rg7 f4+ 31. exf4 Qxe5 32. Nxe5 Kxg7 33. f5 Ra1 34. Ng6 Bf6 35. f4 Rxa2 36. Kf3 Rb2 37. g4 Rxb3+ 38. Kg2 Rd3 39. h4 c4 40. g5 hxg5 41. hxg5 Bd4 42. Ne5 Bxe5 43. fxe5 c3 44. e6 c2 45. f6+ Kg6 46. e7 Re3 47. Kf2 Re6 0-1


[Site "https://www.chess.com"]

[Event "Titled Tuesday Blitz December 20 Early 2022"]
[White "Szpar, Milosz"]
[Black "The_filthy"]
[WhiteFideId "1184989"]
[WhiteElo "2447"]
[BlackElo "2377"]
[Result "1-0"]
[Round "01"]
[TimeControl "180+2"]
[Date "2022.12.20"]
[WhiteClock "0:00:39"]
[BlackClock "0:00:50"]

1. e4 e6 2. d4 d5 3. Nc3 Bb4 4. e5 Ne7 5. h4 c5 6. a3 Bxc3+ 7. bxc3 Qa5 8. Bd2 c4 9. h5 h6 10. Qg4 Nf5 11. Ne2 Qa4 12. Ra2 Nc6 13. Rh3 Bd7 14. Rf3 Nce7 15. Qh3 Nc6 16. g4 Nfe7 17. Qg3 Rf8 18. Bh3 O-O-O 19. g5 hxg5 20. Qxg5 Qb5 21. Ra1 Qb2 22. Rc1 Qxa3 23. Qxg7 Nf5 24. Bxf5 exf5 25. h6 Be6 26. h7 Rh8 27. Bg5 Rde8 28. Kd2 Ne7 29. Bf6 Ng6 30. Nf4 Nxf4 31. Rxf4 b5 32. Rb1 a6 33. Qxh8 Rxh8 34. Bxh8 1-0


[Site "https://www.chess.com"]

[Event "Titled Tuesday Blitz December 20 Early 2022"]
[White "TERMINATOR_PC"]
[Black "MAGMAchess02"]
[WhiteElo "2620"]
[BlackElo "2316"]
[Result "1-0"]
[Round "01"]
[TimeControl "180+2"]
[Date "2022.12.20"]
[WhiteClock "0:00:29"]
[BlackClock "0:00:03"]

1. e4 c5 2. Nf3 Nc6 3. d4 cxd4 4. Nxd4 e5 5. Nb5 d6 6. c4 Be7 7. Bd3 Nf6 8. O-O O-O 9. N1c3 a6 10. Na3 Nd7 11. Be2 Nc5 12. Nc2 Ne6 13. Be3 Bg5 14. Bxg5 Qxg5 15. Kh1 Ned4 16. Nxd4 Nxd4 17. f4 Qh6 18. f5 f6 19. Nd5 Bd7 20. Rc1 Bc6 21. Ne7+ Kf7 22. Nxc6 bxc6 23. Rc3 c5 24. Rh3 Qg5 25. Qd3 Nxe2 26. Qxe2 Rab8 27. b3 g6 28. Rxh7+ Kg8 29. Rh3 Rf7 30. Rg3 Qh5 31. Qxh5 1-0


[Site "https://www.chess.com"]

[Event "Titled Tuesday Blitz December 20 Early 2022"]
[White "Tarno, Brian"]
[Black "Gennady_Kozlov"]
[WhiteFideId "10833820"]
[WhiteElo "2169"]
[BlackElo "2574"]
[Result "0-1"]
[Round "01"]
[TimeControl "180+2"]
[Date "2022.12.20"]
[WhiteClock "0:00:02"]
[BlackClock "0:01:16"]

1. e4 e6 2. d4 d5 3. Nd2 dxe4 4. Nxe4 Bd7 5. Nf3 Bc6 6. Bd3 Nd7 7. Bf4 Ngf6 8. Ng3 Nd5 9. Bg5 Be7 10. Bxe7 Qxe7 11. O-O Nf4 12. c4 Nxd3 13. Qxd3 O-O-O 14. b4 Qxb4 15. Rfb1 Qd6 16. Ng5 Qe7 17. N3e4 Ne5 18. Qc3 Ng4 19. f3 Nf6 20. Nxf6 gxf6 21. Ne4 Bxe4 22. fxe4 Qd6 23. d5 f5 24. c5 Qa6 25. c6 b6 26. Rb3 Kb8 27. Ra3 Qb5 28. Rb3 Qe2 29. Re1 Qa6 30. Ra3 Qb5 31. Rb3 Qa6 32. Ra3 Qc8 33. Qb3 fxe4 34. Qa4 a5 35. Qb5 Ka7 36. dxe6 fxe6 37. Rxe4 Rd5 38. Qb3 Rhd8 39. Re1 Qa6 40. h3 Rd3 41. Qb2 Rxa3 42. Qxa3 Rd6 43. Qc3 Qb5 44. Qf6 Qxc6 45. Qg7 Rd2 46. Qxh7 Qxg2# 0-1


[Site "https://www.chess.com"]

[Event "Titled Tuesday Blitz December 20 Early 2022"]
[White "The_Machine04"]
[Black "Ilia_Jude"]
[WhiteElo "2652"]
[BlackElo "2372"]
[Result "1-0"]
[Round "01"]
[TimeControl "180+2"]
[Date "2022.12.20"]
[WhiteClock "0:00:17"]
[BlackClock "0:00:02"]

1. d4 Nf6 2. Bg5 g6 3. Bxf6 exf6 4. g3 Bg7 5. Bg2 O-O 6. e3 d5 7. Ne2 Be6 8. O-O c6 9. b3 Nd7 10. Nd2 Rc8 11. c4 Qe7 12. Nf4 dxc4 13. bxc4 Rfd8 14. d5 cxd5 15. cxd5 Bf5 16. e4 g5 17. exf5 gxf4 18. Re1 Qf8 19. Ne4 fxg3 20. hxg3 Nc5 21. Rb1 Nxe4 22. Rxe4 b6 23. Qh5 h6 24. Rg4 Kh7 25. Ra4 Rc7 26. Rd1 Qd6 27. Re4 Re7 28. Rxe7 Qxe7 29. d6 Rxd6 30. Rxd6 Qxd6 31. Qxf7 Qf8 32. Qxa7 Qd8 33. Qf7 Qf8 34. Qg6+ Kh8 35. Bd5 Qe7 36. Kg2 Qf8 37. Be6 Qe7 38. Qg4 Qf8 39. Qe4 Qe7 40. Qa8+ Kh7 41. Qc6 Kh8 42. Qxb6 Bf8 43. Qc6 Kg7 44. a4 Qd6 45. Qe4 Qe5 46. Qg4+ Kh8 47. Qg8# 1-0


[Site "https://www.chess.com"]

[Event "Titled Tuesday Blitz December 20 Early 2022"]
[White "TheoSlade"]
[Black "NowInChess"]
[WhiteElo "2571"]
[BlackElo "2177"]
[Result "1-0"]
[Round "01"]
[TimeControl "180+2"]
[Date "2022.12.20"]
[WhiteClock "0:00:33"]
[BlackClock "0:00:02"]

1. d4 Nf6 2. c4 c5 3. d5 b5 4. cxb5 a6 5. bxa6 g6 6. Nc3 Bg7 7. e4 O-O 8. Nf3 Qa5 9. Bd2 Bxa6 10. Be2 Bxe2 11. Qxe2 Qa6 12. Qxa6 Nxa6 13. O-O e6 14. dxe6 fxe6 15. Bg5 Rfb8 16. Rfd1 Ra7 17. Rd2 Rab7 18. Rd6 Rb6 19. Rad1 R8b7 20. Na4 Rxd6 21. Rxd6 Nb8 22. Bxf6 Bxf6 23. e5 Be7 24. Rb6 Rxb6 25. Nxb6 Kf7 26. Kf1 Ke8 27. Ke2 Nc6 28. a3 Bf8 29. Kd3 Bg7 30. Ke4 Kd8 31. Nc4 Kc7 32. Ng5 h6 33. Nf7 Nd4 34. Nfd6 Nc6 35. Nb5+ Kb7 36. f4 Ka6 37. Nbd6 Nd4 38. Ne8 Bf8 39. Nf6 Bg7 40. Nxd7 Ne2 41. Nxc5+ Kb5 42. Nxe6 Kxc4 43. Nxg7 Kb3 44. e6 1-0


[Site "https://www.chess.com"]

[Event "Titled Tuesday Blitz December 20 Early 2022"]
[White "Tikzhanov, Yerlan"]
[Black "BlueWizzard"]
[WhiteFideId "13700510"]
[WhiteElo "2357"]
[BlackElo "2862"]
[Result "0-1"]
[Round "01"]
[TimeControl "180+2"]
[Date "2022.12.20"]
[WhiteClock "0:01:14"]
[BlackClock "0:01:16"]

1. e4 b6 2. d4 Bb7 3. Bd3 e6 4. Nf3 Ne7 5. O-O d6 6. c4 Ng6 7. Nc3 Be7 8. Re1 Nd7 9. b3 O-O 10. Bb2 a6 11. Qc2 c5 12. Rad1 cxd4 13. Nxd4 Qc7 14. Qe2 Nde5 15. Bb1 Bf6 16. g3 Nc6 17. Nxc6 Qxc6 18. h4 b5 19. cxb5 axb5 20. Rc1 Qb6 21. h5 Ne7 22. h6 g6 23. Nd5 Nxd5 24. exd5 e5 25. Kh2 Bg5 26. f4 exf4 27. Qg4 Qf2+ 28. Kh3 Bxh6 29. Bxg6 hxg6 30. Re2 Qxg3+ 31. Qxg3 fxg3 32. Rc7 Bxd5 33. Kxg3 Bg7 0-1


[Site "https://www.chess.com"]

[Event "Titled Tuesday Blitz December 20 Early 2022"]
[White "Timofeeva, Galina"]
[Black "ArchibaldCerveza29"]
[WhiteFideId "14106175"]
[WhiteElo "1955"]
[BlackElo "2472"]
[Result "1-0"]
[Round "01"]
[TimeControl "180+2"]
[Date "2022.12.20"]
[WhiteClock "0:01:22"]
[BlackClock "0:00:16"]

1. d4 Nf6 2. Nc3 d5 3. Bf4 e6 4. e3 Bd6 5. Qf3 a6 6. g4 h6 7. h4 b5 8. g5 Ng8 9. Bd3 Bxf4 10. exf4 Nc6 11. Nge2 Qd6 12. O-O-O Nb4 13. Kb1 Ne7 14. Ng3 Nxd3 15. Rxd3 Bd7 16. Re1 O-O-O 17. a3 Kb8 18. Nce2 hxg5 19. hxg5 g6 20. Rc3 Rh2 21. Nc1 Nc8 22. Nd3 Rdh8 23. Nc5 Ka7 24. b3 Qe7 25. Kb2 Nd6 26. Qxd5 Rxf2 27. Qe5 Rhh2 28. Qe3 Bc8 29. d5 Ka8 30. Nge4 Nf5 31. Qd3 Qd8 32. Nxf2 Rxf2 33. dxe6 Qxd3 34. Nxd3 1-0


[Site "https://www.chess.com"]

[Event "Titled Tuesday Blitz December 20 Early 2022"]
[White "Tobias_Koelle"]
[Black "newyorkmouse"]
[WhiteElo "2779"]
[BlackElo "2457"]
[Result "1-0"]
[Round "01"]
[TimeControl "180+2"]
[Date "2022.12.20"]
[WhiteClock "0:02:19"]
[BlackClock "0:00:21"]

1. e4 c5 2. Nf3 d6 3. d4 cxd4 4. Nxd4 Nf6 5. Nc3 a6 6. f3 e5 7. Nb3 Be6 8. Be3 h5 9. Nd5 Nxd5 10. exd5 Bf5 11. Bd3 Bxd3 12. Qxd3 Nd7 13. O-O Rc8 14. c4 Be7 15. Rfd1 h4 16. h3 Bg5 17. Bf2 Qc7 18. c5 dxc5 19. d6 Qd8 20. Qd5 O-O 21. Nd2 Bxd2 22. Rxd2 Rc6 23. Rad1 Re8 24. Qe4 Re6 25. Bxh4 Nf6 26. Bxf6 Qxf6 27. d7 Qd8 28. b3 Kf8 29. Rd5 f6 30. Qh7 Kf7 31. h4 Rc7 32. h5 Re7 33. h6 Ke6 34. hxg7 Rcxd7 35. g8=Q+ 1-0


[Site "https://www.chess.com"]